Map: At Eternity's Edge LE

Players

sebesdes

  • Race: Protoss Protoss
  • League: Grandmaster
  • Spawn Location: 5:00

lorimbo - Winner!

  • Race: Zerg Zerg
  • League: Grandmaster
  • Spawn Location: 11:00

Event: HomeStory Cup XXIX

VOD

Have the link to the VOD?

Description

Time

  • Played on: July 3, 2026, 1:47 p.m.
  • Length: 4:49

All games in this series

Show
View Real Time Build Order
Export as new Build Order

sebesdes Protoss 

Build Orders: Oracle Opening 

Get SALT Encoding   

  8  0:00  Probe (Chrono Boost)  
  9  0:12  Probe (Chrono Boost)  
  10  0:18  Probe (Chrono Boost)  
  11  0:26  Probe  
  12  0:32  Pylon  
  12  0:38  Probe  
  13  0:51  Probe  
  14  0:57  Gateway  
  14  1:03  Probe (Chrono Boost)  
  15  1:12  Assimilator, Probe (Chrono Boost)  
  15  1:17  Probe (Chrono Boost)  
  17  1:29  Probe  
  18  1:41  Probe  
  18  1:44  Cybernetics Core  
  18  1:45  Zealot  
  21  1:50  Pylon  
  21  2:08  Probe  
  22  2:18  Nexus  
  22  2:21  Adept (Chrono Boost)  
  22  2:29  Probe  
  25  2:41  Probe  
  25  2:43  Assimilator  
  27  2:55  Shield Battery  
  27  2:56  Probe  
  24  3:05  Stargate  
  24  3:08  Probe  
  24  3:10  Adept  
  27  3:21  Probe  
  28  3:30  Probe  
  28  3:33  Probe  
  30  3:36  Pylon  
  30  3:46  Oracle (Chrono Boost)  
  32  3:53  Shield Battery  
  35  3:58  Gateway  
  35  4:02  Stalker  
  35  4:05  Shield Battery  
  33  4:11  Probe  
  31  4:23  Probe  
  31  4:31  Probe  
Show
View Real Time Build Order
Export as new Build Order

lorimbo Zerg - Winner!

Build Orders: Pool First 

Get SALT Encoding   

  8  0:00  Drone  
  9  0:10  Drone  
  10  0:17  Drone  
  11  0:22  Drone  
  12  0:32  Overlord  
  12  0:40  Extractor, Drone  
  13  0:51  Drone x2  
  15  1:00  Drone  
  16  1:07  Spawning Pool  
  15  1:12  Extractor  
  15  1:13  Drone  
  15  1:21  Drone  
  16  1:42  Hatchery  
  15  1:54  Zergling x4  
  16  1:58  Zergling x2  
  18  2:12  Roach Warren  
  17  2:20  Metabolic Boost  
  17  2:31  Overlord  
  17  2:46  Overlord  
  17  2:52  Roach x2  
  17  2:55  Roach  
  23  3:03  Roach  
  24  3:09  Roach  
  26  3:18  Roach  
  30  3:27  Roach  
  30  3:32  Zergling x2  
  31  3:37  Zergling x4  
  33  3:42  Zergling x2  
  33  3:44  Zergling x2  
  35  3:51  Zergling x2  
  35  3:58  Zergling x4  
  36  4:05  Zergling x4  
  38  4:14  Zergling x4  
  37  4:36  Ravager  
Tags
 
Add a new tag
Caveats
  • Supply blocks, unpowered buildings, or Contaminate may cause inaccurate times.
  • Supply counts are checked every 10 seconds.